 Dungeon Crawl Stone Soup version 0.22.1-1-ga44c0e5 (webtiles) character file.

249201 Lavandula the Severer (level 18, -3/166 HPs)
             Began as a Centaur Berserker on Sept 28, 2018.
             Was a High Priest of Makhleb.
             Slain by Mennas
             ... wielding a +5 sacred scourge of holy wrath
              (11 damage)
             ... on level 2 of the Crypt on Oct 1, 2018.
             The game lasted 01:49:13 (16565 turns).

Lavandula the Severer (Centaur Berserker)          Turns: 16565, Time: 01:49:14

Health: -3/166     AC: 21    Str: 32    XL:     18   Next: 87%
Magic:  30/30      EV: 11    Int:  4    God:    Makhleb [*****.]
Gold:   480        SH:  0    Dex: 11    Spells: 20/33 levels left

rFire    + . .     SeeInvis .   M - +8 battleaxe (flame)
rCold    + + .     Gourm    .   (shield currently unavailable)
rNeg     . . .     Faith    .   V - +0 swamp dragon scales
rPois    +         Spirit   .   H - +0 helmet "Nezanum" {rC+ MR+ Str+2}
rElec    +         Reflect  .   K - scarf {rC+ rF+}
rCorr    .         Harm     .   j - +0 pair of gloves "Riff" {rElec Regen+ Int-3} (curse)
MR       +++..                  O - +4 centaur barding
Stlth    ..........             T - amulet of regeneration
HPRegen  1.17/turn              W - ring of protection from magic
MPRegen  0.22/turn              Q - +2 ring of protection

@: mighty, glowing, silenced, very quick
A: large, hooves 3, deformed body, speed 2, tough skin 3
}: 2/15 runes: decaying, gossamer
a: Renounce Religion


You were on level 2 of the Crypt.
You worshipped Makhleb.
Makhleb was extremely pleased with you.
You were not hungry.

You visited 7 branches of the dungeon, and saw 36 of its levels.
You also visited: Ossuary and Ice Cave.

You collected 2613 gold pieces.
You spent 2133 gold pieces at shops.

Inventory:

Hand Weapons
 n - a +2 spear of flaming
 z - a +1 broad axe of electrocution
 M - a +8 battleaxe of flaming (weapon)
Missiles
 y - 21 tomahawks (quivered)
Armour
 e - a +2 helmet
 g - the +5 scale mail "Emeapy" {Int+4}
   (You bought it in a shop on level 8 of the Dungeon)

   It affects your intelligence (+4).
 j - the cursed +0 pair of gloves "Riff" (worn) {rElec Regen+ Int-3}
   (You found it in an ice cave)

   It affects your intelligence (-3).
   It insulates you from electricity.
   It increases your rate of regeneration.
   It has a curse placed upon it.
 o - the +0 ring mail of Quskoub {+Blink Regen+ Dex+5}
   (You found it on level 4 of the Dungeon)

   It affects your dexterity (+5).
   It lets you blink.
   It increases your rate of regeneration.
 p - a +2 leather armour of magic resistance
 s - the +1 ring mail "Umef" {rF+ rC+ rN++}
   (You found it on level 4 of the Dungeon)

   It protects you from fire.
   It protects you from cold.
   It greatly protects you from negative energy.
 v - +0 fire dragon scales
 H - the +0 helmet "Nezanum" (worn) {rC+ MR+ Str+2}
   (You found it on level 3 of the Crypt)

   It affects your strength (+2).
   It protects you from cold.
   It affects your resistance to hostile enchantments.
 J - a +1 chain mail of cold resistance
 K - a scarf of resistance (worn)
 O - a +4 centaur barding (worn)
 V - +0 swamp dragon scales (worn)
Jewellery
 m - an uncursed ring of see invisible
 t - an uncursed ring of ice
 x - a +2 ring of slaying
 Q - a +2 ring of protection (right hand)
 T - an amulet of regeneration (around neck)
 W - a ring of protection from magic (left hand)
 X - the amulet of Lelleir {Inacc rC+ MR+ Int-2 Dex+8}
   (You found it on level 3 of the Crypt)

   [amulet of inaccuracy]

   It reduces the accuracy of all your attacks.
   It affects your intelligence (-2).
   It affects your dexterity (+8).
   It protects you from cold.
   It affects your resistance to hostile enchantments.
Wands
 q - a wand of scattershot (9)
 S - a wand of paralysis (22)
 U - a wand of digging (32)
 Z - a wand of iceblast (7)
Scrolls
 b - 8 scrolls of remove curse
 h - 12 scrolls of fear
 i - 6 scrolls of magic mapping
 u - 6 scrolls of blinking
 w - 2 scrolls of immolation
 A - 10 scrolls of teleportation
 B - 2 scrolls of torment
 F - 7 scrolls of fog
 N - a scroll of holy word
 P - a scroll of enchant armour
Potions
 a - 6 potions of might
 d - 2 potions of ambrosia
 f - a potion of invisibility
 k - 2 potions of resistance
 l - 5 potions of haste
 r - a potion of flight
 C - 3 potions of heal wounds
 D - a potion of berserk rage
 E - 4 potions of agility
 G - 2 potions of brilliance
 L - 7 potions of curing
 Y - a potion of lignification
Miscellaneous
 I - 2 sacks of spiders
Comestibles
 c - 25 rations
 R - a chunk of flesh


   Skills:
 - Level 16.2 Fighting
 - Level 20.2 Axes
 - Level 1.2 Throwing
 - Level 4.9 Armour
 - Level 8.7 Dodging
 - Level 1.1 Stealth
 - Level 8.4 Spellcasting
 - Level 7.0 Translocations
 - Level 7.0 Transmutations
 + Level 5.7 Earth Magic
 - Level 5.9 Invocations
 - Level 6.0 Evocations


You had 20 spell levels left.
You knew the following spells:

 Your Spells              Type           Power        Failure   Level  Hunger
a - Blink                 Tloc           N/A          2%          2    ###....
b - Irradiate             Conj/Tmut      #.........   91%         5    ######.
c - Statue Form           Tmut/Erth      #........    98%         6    #######

Your spell library contained the following spells:

 Spells                   Type           Power        Failure   Level  Hunger
 Magic Dart               Conj           #...         32%         1    #......
 Summon Butterflies       Summ           #.......     32%         1    #......
 Call Imp                 Summ           #.......     45%         2    ###....
 Poisonous Vapours        Pois/Air       #.....       45%         2    ###....
 Searing Ray              Conj           #.....       45%         2    ###....
 Slow                     Hex            #.......     45%         2    ###....
 Force Lance              Conj/Tloc      #.......     61%         4    #####..
 Call Canine Familiar     Summ           #.......     69%         3    ###....
 Conjure Flame            Conj/Fire      #.......     69%         3    ###....
 Dazzling Spray           Conj/Hex       #.....       69%         3    ###....
 Mephitic Cloud           Conj/Pois/Air  #.......     69%         3    ###....
 Leda's Liquefaction      Hex/Erth       #.........   71%         4    #####..
 Hydra Form               Tmut           #.........   96%         6    #######
 Fulminant Prism          Conj/Hex       #.........   97%         4    #####..
 Iskenderun's Mystic Bla  Conj           #.......     97%         4    #####..
 Summon Ice Beast         Ice/Summ       #.......     97%         4    #####..
 Bolt of Magma            Conj/Fire/Erth #.........   99%         5    ######.
 Summon Mana Viper        Hex/Summ       #.......     100%        5    ######.
 Freezing Cloud           Conj/Ice/Air   #.........   100%        6    #######
 Iron Shot                Conj/Erth      #.........   100%        6    #######
 Dragon Form              Tmut           #.........   100%        7    #######
 Ring of Flames           Chrm/Fire      #.........   100%        7    #######
 Summon Hydra             Summ           #.........   100%        7    #######
 Shatter                  Erth           #.........   100%        9    #######


Dungeon Overview and Level Annotations

Branches:
Dungeon (14/15)              Lair (6/6) D:10          Swamp (4/4) Lair:4
 Spider (4/4) Lair:3        Slime (0/5) Lair:5          Orc (2/2) D:11
    Elf (0/3) Orc:2        Vaults (3/5) D:14          Crypt (3/3) Vaults:2
 Temple: D:4-7         Tomb: Crypt:3

Altars:
Dithmenos
Elyvilon
Gozag
Hepliaklqana
Kikubaaqudgha
Makhleb
Nemelex Xobeh
Sif Muna
Uskayaw
Yredelemnul
Beogh

Shops:
D:6 [   D:8 *   Orc:2 [[[(   Vaults:1 ?

Portals:
Trove: Vaults:2 (give 9 potions of agility)

Annotations:
Lair:5 exclusion: 2 oklob plants
Swamp:1 3 runed doors, zapotec's ghost, adept TrTm
Crypt:2 Jory; Mennas


Innate Abilities, Weirdness & Mutations

You have hooves in place of feet.
Armour fits poorly on your strangely shaped body.
You cover ground very quickly.
You have extremely tough skin. (AC +3)


Message History

Mennas hits you but does no damage.
Unknown command.
Mennas blocks your attack.
Your kick misses Mennas.
Mennas is heavily wounded.
Mennas hits you with a sacred scourge of holy wrath!!
* * * LOW HITPOINT WARNING * * *
Mennas hits you with a sacred scourge of holy wrath.
* * * LOW HITPOINT WARNING * * *
Unknown command.
Mennas hits you with a sacred scourge of holy wrath!
* * * LOW HITPOINT WARNING * * *
Mennas hits you but does no damage.
You climb upwards.
Level annotation: Jory
There is a stone staircase leading down here.
Unknown command.
Mennas hits you with a sacred scourge of holy wrath!!
* * * LOW HITPOINT WARNING * * *
Mennas hits you with a sacred scourge of holy wrath!
You die...

#..%...#†..##...#######.....##
............##............###
#......##....##....⌠....###
..##... ####..##.......## ##..
#..#)⌠...⌠.# ..# .##.......#
... ###....⌠....# ....
###............##
##....#####.A@..#######...#
... #........##.....# ..## #.#
#.>....###<.....##.⌠.+ #.#
#...####.........#...### #
#.#########.......#....##.##.#
..
#.#...............#...........
.#
#.#.####.....................#
.# #...#
#...................#..
.###.###
#..........#..#.....##.


You could see Mennas.

Vanquished Creatures
  the Lernaean hydra (Swamp:4)
  Xtahua (Crypt:2)
  A profane servitor (Crypt:3)
  A lich (Crypt:2)
  Asterion (Vaults:2)
  Frances (Spider:2)
  A sphinx (Vaults:3)
  An ancient champion (Crypt:1)
  2 thorn hunters (Swamp:4)
  A tengu reaver (Vaults:2)
  A fire giant (Vaults:3)
  An orc warlord (Orc:2)
  2 deep elf sorcerers (Vaults:1)
  3 ghost moths (Spider:4)
  3 vault wardens (Vaults:3)
  6 emperor scorpions
  11 ghouls
  3 ironheart preservers
  A war gargoyle (Vaults:2)
  3 stone giants
  2 entropy weavers
  A vampire knight (Crypt:1)
  Nessos (Lair:4)
  3 spark wasps (Spider:4)
  Josephine (Lair:4)
  2 fire dragons
  3 yaktaur captains
  5 jiangshi
  The ghost of Xexuamef the Earth Mage, a journeyman DEEE of Sif Muna (Lair:4)
  The ghost of MordorOrchid the Covert, a journeyman OpVM of Sif Muna (Lair:1)
  2 great orbs of eyes
  13 hydras
  Harold (Orc:1)
  2 ice dragons
  A vault guard (Vaults:3)
  A catoblepas (Lair:5)
  6 death knights
  6 alligators
  2 centaur warriors
  8 two-headed ogres
  2 ogre magi (Vaults:3)
  A vampire mage (Vaults:2)
  3 death yaks (Lair:5)
  A deep elf knight (Vaults:1)
  3 orc high priests
  5 spriggans
  A soul eater (Crypt:2)
  A titan skeleton (Crypt:1)
  29 skeletal warriors
  10 swamp dragons
  A spriggan druid (Swamp:3)
  2 shadow wraiths
  An iron troll (D:14)
  2 unseen horrors
  3 deep trolls
  A flayed ghost (Crypt:3)
  A shambling mangrove (Swamp:4)
  4 ironbrand convokers
  6 wizards
  6 phantasmal warriors
  4 necromancers
  6 orc knights
  27 wolf spiders
  12 orb spiders
  2 orc sorcerers (Vaults:2)
  A deep elf mage (Vaults:1)
  18 ugly things
  A stone giant zombie (Crypt:1)
  An orb spider (shapeshifter) (Vaults:2)
  5 cyclopes
  4 black mambas
  A stone giant skeleton (Crypt:1)
  A water nymph (shapeshifter) (D:14)
  7 vault sentinels
  Joseph (D:10)
  A gargoyle (D:13)
  2 human zombies (Vaults:1)
  15 spiny frogs
  An emperor scorpion zombie (Crypt:2)
  3 centaur skeletons
  4 demonic crawlers
  2 kobold demonologists (D:11)
  2 rime drakes (Lair:6)
  12 yaktaurs
  An anaconda simulacrum (Crypt:1)
  5 freezing wraiths
  4 komodo dragons
  A red draconian skeleton (Crypt:1)
  A meliai (D:13)
  3 trolls
  26 jumping spiders
  9 tyrant leeches
  The ghost of bogdani the Covered, an amateur HOFi of Hepliaklqana (D:4)
  A slime creature (Swamp:1)
  12 hornets
  16 polar bears
  A blink frog (shapeshifter) (Vaults:1)
  2 bog bodies (Swamp:1)
  3 raiju (Lair:6)
  30 blink frogs
  7 hippogriffs
  A flying skull (Crypt:2)
  10 tarantellas
  A shadow (Crypt:3)
  35 redbacks
  2 ettin skeletons (Crypt:1)
  9 wraiths
  3 vampires (Vaults:2)
  6 wyverns
  2 basilisks (D:10)
  27 yaks
  Grum (D:8)
  10 vampire mosquitoes (Swamp:3)
  2 hungry ghosts
  Menkaure (Ossuary)
  A human simulacrum (Vaults:2)
  6 wargs
  3 acid dragons
  11 insubstantial wisps
  3 swamp worms
  14 hell hounds (Lair:6)
  6 water moccasins
  2 porcupines
  A soldier ant (D:11)
  18 ice beasts
  12 swamp drakes
  14 black bears
  21 orc warriors
  2 phantoms
  13 necrophages
  19 ogres
  10 boggarts (Vaults:2)
  4 centaurs
  34 wolves
  12 crocodiles
  4 big kobolds (D:11)
  12 bullfrogs
  An ogre simulacrum (Vaults:1)
  4 scorpions
  A wyvern skeleton (D:4)
  17 wights
  A yak skeleton (Crypt:1)
  3 howler monkeys
  3 electric eels
  7 crimson imps
  3 centaur zombies
  6 hounds
  4 bullfrog skeletons
  2 bullfrog zombies (D:6)
  10 orc priests
  A jelly (D:10)
  20 orc wizards
  A hell rat (Lair:3)
  2 iguanas
  12 worker ants
  2 sky beast zombies
  A hound zombie (D:6)
  2 hound skeletons
  3 mummies (Ossuary)
  A howler monkey zombie (D:8)
  14 adders
  3 gnolls
  5 shadow imps
  An adder zombie (D:9)
  2 adder skeletons
  6 worms
  A barachi skeleton (Crypt:1)
  A dart slug (D:1)
  4 leopard geckos
  74 orcs
  3 bats
  8 giant cockroaches
  4 gnoll zombies (Ossuary)
  5 goblins
  5 hobgoblins
  9 jackals
  12 kobolds
  2 quokkas
  2 ball pythons
  A ball python zombie (Crypt:2)
  5 frilled lizards
  4 gnoll skeletons (Ossuary)
  3 goblin skeletons (Ossuary)
  4 goblin zombies (Ossuary)
  A hobgoblin skeleton (Ossuary)
  A hobgoblin zombie (Ossuary)
  A kobold skeleton (Ossuary)
  2 kobold zombies (Ossuary)
  2 orc skeletons (Ossuary)
  2 orc zombies (Ossuary)
  A quokka skeleton (D:7)
  4 rats
  4 rat skeletons (Ossuary)
  2 rat zombies (Ossuary)
  A bush (Lair:6)
  4 fungi
  7 plants
1095 creatures vanquished.

Vanquished Creatures (collateral kills)
  Rupert (Lair:5)
  An orc warlord (Orc:2)
  3 hydras (Swamp:4)
  Sonja (Lair:4)
  2 swamp dragons (Swamp:4)
  A komodo dragon (Lair:5)
  A rime drake (Swamp:4)
  A blink frog (Lair:5)
  3 yaks (Lair:4)
  2 insubstantial wisps (Swamp:4)
  2 wargs
  2 porcupines (Lair:5)
  5 orc warriors (Orc:2)
  An ogre (Orc:2)
  3 orc priests (Orc:2)
  An orc wizard (Orc:2)
  5 orcs (Orc:2)
  A fungus (Lair:4)
36 creatures vanquished.

Vanquished Creatures (others)
  A frost giant (Vaults:2)
  A ghost moth (Spider:1)
  An alligator (Swamp:3)
  A rime drake (Swamp:4)
  2 slime creatures (Swamp:1)
  2 gnoll skeletons (Ossuary)
  2 goblin skeletons (Ossuary)
  5 goblin zombies (Ossuary)
  A hobgoblin skeleton (Ossuary)
  A hobgoblin zombie (Ossuary)
  A kobold skeleton (Ossuary)
  A kobold zombie (Ossuary)
  An orc skeleton (Ossuary)
  An orc zombie (Ossuary)
  3 rat skeletons (Ossuary)
  2 rat zombies (Ossuary)
  30 fungi
  30 plants
86 creatures vanquished.

Grand Total: 1217 creatures vanquished

Notes
Turn   | Place    | Note
-------+----------+-------------------------------------------
     0 | D:1      | Lavandula the Centaur Berserker began the quest for the
                  | Orb.
     0 | D:1      | Reached XP level 1. HP: 19/19 MP: 1/1
    21 | D:1      | Reached skill level 3 in Axes
    57 | D:1      | Reached XP level 2. HP: 4/26 MP: 2/2
   438 | D:1      | Reached skill level 4 in Axes
   438 | D:1      | Reached XP level 3. HP: 3/31 MP: 3/3
   765 | D:2      | Found a hazy altar of Hepliaklqana.
   776 | D:2      | Reached XP level 4. HP: 27/38 MP: 4/4
   860 | D:2      | Reached ** piety under Trog
   875 | D:2      | Found a burning altar of Makhleb.
  1443 | D:3      | Reached skill level 5 in Axes
  1497 | D:4      | Noticed an ogre
  1557 | D:3      | Reached XP level 5. HP: 43/45 MP: 5/5
  1849 | D:4      | Found an opulent altar of Gozag.
  1849 | D:4      | Found a hide-covered altar of Uskayaw.
  1849 | D:4      | Found a white marble altar of Elyvilon.
  1850 | D:4      | Found a sparkling altar of Nemelex Xobeh.
  1873 | D:4      | Reached skill level 6 in Axes
  1889 | D:4      | Noticed an ogre
  1903 | D:4      | Found a shadowy altar of Dithmenos.
  1935 | D:4      | Killed an ogre
  1935 | D:4      | Reached XP level 6. HP: 51/51 MP: 6/6
  2036 | D:5      | Entered Level 5 of the Dungeon
  2063 | D:4      | Got a bronze ring mail
  2074 | D:4      | Identified the cursed +0 ring mail of Quskoub {+Blink
                  | Regen+ Dex+5} (You found it on level 4 of the Dungeon)
  2099 | D:4      | Got a smoking ring mail
  2126 | D:4      | Reached *** piety under Trog
  2144 | D:4      | Found a runed gate.
  2144 | D:4      | Found a runed gate.
  2145 | D:4      | Found a runed gate.
  2147 | D:4      | Noticed bogdani's ghost (amateur HOFi)
  2159 | D:4      | Reached skill level 7 in Axes
  2162 | D:4      | Killed bogdani's ghost
  2162 | D:4      | Reached XP level 7. HP: 57/57 MP: 7/7
  2163 | D:4      | Reached skill level 8 in Axes
  2322 | D:4      | Found a deep blue altar of Sif Muna.
  2340 | D:4      | Identified the cursed +1 ring mail "Umef" {rF+ rC+ rN++}
                  | (You found it on level 4 of the Dungeon)
  2657 | D:6      | Reached skill level 9 in Axes
  2657 | D:6      | Reached XP level 8. HP: 50/63 MP: 8/8
  2665 | D:6      | Found Xelegaw's Antique Armour Boutique.
  2921 | D:6      | Reached skill level 10 in Axes
  3140 | D:7      | Reached **** piety under Trog
  3163 | D:8      | Reached skill level 11 in Axes
  3195 | D:8      | Found a sand-covered staircase.
  3203 | Ossuary  | Entered an ossuary
  3331 | Ossuary  | Reached XP level 9. HP: 69/69 MP: 9/9
  3426 | Ossuary  | Noticed Menkaure
  3451 | Ossuary  | Killed Menkaure
  3683 | D:7      | Noticed a two-headed ogre
  3923 | D:7      | Killed a two-headed ogre
  3923 | D:7      | Reached skill level 12 in Axes
  4148 | D:8      | Noticed Grum
  4158 | D:8      | Killed Grum
  4162 | D:8      | Reached skill level 13 in Axes
  4163 | D:8      | Reached ***** piety under Trog
  4163 | D:8      | Reached XP level 10. HP: 31/77 MP: 10/10
  4222 | D:8      | Found Cupari's Assorted Antiques.
  4225 | D:8      | Bought 2 brown potions for 39 gold pieces
  4225 | D:8      | Bought a cyan potion for 19 gold pieces
  4225 | D:8      | Bought a coppery potion for 19 gold pieces
  4225 | D:8      | Bought 2 pink potions for 39 gold pieces
  4276 | D:10     | Entered Level 10 of the Dungeon
  4344 | D:9      | Noticed a two-headed ogre
  4354 | D:9      | Killed a two-headed ogre
  4756 | D:10     | Noticed a two-headed ogre
  4760 | D:10     | Killed a two-headed ogre
  5256 | D:10     | Found a staircase to the Lair.
  5279 | Lair:1   | Entered Level 1 of the Lair of Beasts
  5284 | Lair:1   | Noticed a spiny frog
  5295 | Lair:1   | Killed a spiny frog
  5295 | Lair:1   | Reached XP level 11. HP: 28/89 MP: 11/11
  5654 | D:11     | Noticed a seven-headed hydra
  5700 | D:11     | Reached skill level 5 in Dodging
  5710 | D:11     | Found a staircase to the Orcish Mines.
  5728 | D:10     | Noticed Joseph
  5734 | D:10     | Killed Joseph
  5777 | Orc:1    | Entered Level 1 of the Orcish Mines
  5783 | Orc:1    | Noticed an orc knight
  5788 | Orc:1    | Noticed Harold
  5804 | Orc:1    | Killed Harold
  5804 | Orc:1    | Received a gift from Trog
  5807 | Orc:1    | Killed an orc knight
  5881 | Orc:1    | Noticed an orc high priest
  5908 | Orc:1    | Killed an orc high priest
  6036 | Orc:2    | Entered Level 2 of the Orcish Mines
  6036 | Orc:2    | Found a staircase to the Elven Halls.
  6180 | Orc:2    | Found a roughly hewn altar of Beogh.
  6215 | Orc:2    | Found a roughly hewn altar of Beogh.
  6262 | Orc:2    | Noticed an orc high priest
  6280 | Orc:2    | Killed an orc high priest
  6294 | Orc:2    | Reached skill level 14 in Axes
  6309 | Orc:2    | Noticed an orc warlord
  6317 | Orc:2    | Killed an orc warlord
  6325 | Orc:2    | Found Puzuz's Antique Weapon Shop.
  6326 | Orc:2    | Found a roughly hewn altar of Beogh.
  6329 | Orc:2    | Found Ymuhuy's Antique Armour Boutique.
  6465 | Orc:2    | Noticed an orc warlord
  6483 | Orc:2    | Killed an orc warlord
  6568 | Orc:2    | Found a roughly hewn altar of Beogh.
  6574 | Orc:2    | Reached XP level 12. HP: 100/100 MP: 12/12
  6576 | Orc:2    | Found Sutaytty's Antique Armour Emporium.
  6576 | Orc:2    | Noticed an orc high priest
  6584 | Orc:2    | Killed an orc high priest
  6626 | Orc:2    | Found a roughly hewn altar of Beogh.
  6680 | Orc:2    | Found Abuakea's Antique Armour Shop.
  6692 | Orc:2    | Bought a pair of embroidered gloves for 195 gold pieces
  6736 | Orc:2    | Found a roughly hewn altar of Beogh.
  6931 | D:6      | Bought a glowing centaur barding for 676 gold pieces
  7002 | D:8      | Bought a scroll of teleportation for 66 gold pieces
  7002 | D:8      | Bought a potion of curing for 66 gold pieces
  7002 | D:8      | Bought a potion of haste for 220 gold pieces
  7257 | Lair:1   | Reached skill level 15 in Axes
  7312 | Lair:1   | Found a runed door.
  7313 | Lair:1   | Noticed MordorOrchid's ghost (journeyman OpVM)
  7327 | Lair:1   | Killed MordorOrchid's ghost
  7583 | Lair:3   | Found a shadowy altar of Dithmenos.
  7583 | Lair:3   | Noticed a four-headed hydra
  7611 | Lair:3   | Killed a one-headed hydra
  7678 | Lair:3   | Reached skill level 16 in Axes
  7752 | Lair:4   | Noticed a six-headed hydra
  7753 | Lair:4   | Noticed Sonja
  7765 | Lair:4   | Killed a four-headed hydra
  7769 | Lair:4   | Killed Sonja
  7773 | Lair:4   | Received a gift from Trog
  7789 | Lair:4   | Got a warped battleaxe {god gift}
  7790 | Lair:4   | Identified the +1 battleaxe "Faruat" {venom, MR+ Stlth+}
                  | (Trog gifted it to you on level 4 of the Lair of Beasts)
  7842 | Lair:4   | Found a frozen archway.
  7865 | IceCv    | Entered an ice cave
  7866 | IceCv    | Found a transporter.
  7872 | IceCv    | Reached XP level 13. HP: 105/105 MP: 13/13
  7882 | IceCv    | Got a pair of pitted gloves
  7893 | IceCv    | Identified the cursed +0 pair of gloves "Riff" {rElec
                  | Regen+ Int-3} (You found it in an ice cave)
  7919 | IceCv    | Found a transporter.
  7999 | Lair:5   | Found a staircase to the Slime Pits.
  8030 | Lair:5   | Noticed Rupert
  8051 | Lair:5   | Reached skill level 17 in Axes
  8078 | Lair:5   | Killed Rupert
  8281 | Lair:4   | Noticed Nessos
  8306 | Lair:4   | Killed Nessos
  8323 | Lair:6   | Entered Level 6 of the Lair of Beasts
  8353 | Lair:6   | Reached skill level 18 in Axes
  8544 | Lair:6   | Received a gift from Trog
  8672 | Lair:6   | Reached XP level 14. HP: 118/118 MP: 14/14
  8679 | Lair:6   | Reached skill level 10 in Fighting
  9183 | Lair:4   | Noticed Josephine
  9193 | Lair:4   | Killed Josephine
  9222 | Lair:4   | Found a staircase to the Swamp.
  9245 | Swamp:1  | Entered Level 1 of the Swamp
  9453 | Swamp:1  | Found a runed gate.
  9453 | Swamp:1  | Found a runed gate.
  9453 | Swamp:1  | Found a runed gate.
  9453 | Swamp:1  | Noticed zapotec's ghost (adept TrTm)
  9526 | Swamp:3  | Reached skill level 15 in Fighting
  9546 | Swamp:3  | Reached ****** piety under Trog
  9605 | Swamp:3  | Received a gift from Trog
  9631 | Swamp:4  | Entered Level 4 of the Swamp
  9705 | Swamp:4  | Reached skill level 19 in Axes
  9791 | Swamp:4  | Reached XP level 15. HP: 101/141 MP: 15/15
  9900 | Swamp:4  | Noticed a thorn hunter
  9921 | Swamp:4  | Noticed the 27-headed Lernaean hydra
 10047 | Swamp:4  | Killed the 26-headed Lernaean hydra
 10054 | Swamp:4  | Noticed a thorn hunter
 10062 | Swamp:4  | Killed a thorn hunter
 10075 | Swamp:4  | Noticed a thorn hunter
 10095 | Swamp:4  | Got a decaying rune of Zot
 10123 | Swamp:4  | Killed a thorn hunter
 10129 | Swamp:4  | Reached skill level 20 in Axes
 10274 | Lair:4   | Found a runed gate.
 10274 | Lair:4   | Noticed Xexuamef's ghost (journeyman DEEE)
 10275 | Lair:4   | Found a runed gate.
 10275 | Lair:4   | Found a runed gate.
 10333 | Lair:4   | Killed Xexuamef's ghost
 10530 | Lair:3   | Found a hole to the Spider Nest.
 10540 | Spider:1 | Entered Level 1 of the Spider Nest
 10661 | Spider:1 | Noticed a ghost moth
 10675 | Spider:1 | Killed a ghost moth
 10931 | Spider:4 | Entered Level 4 of the Spider Nest
 10949 | Spider:4 | Received a gift from Trog
 11119 | Spider:4 | Reached XP level 16. HP: 76/149 MP: 16/16
 11583 | Spider:4 | Reached skill level 1 in Evocations
 11820 | Spider:4 | Received a gift from Trog
 11820 | Spider:4 | Reached skill level 5 in Evocations
 11831 | Spider:4 | Reached skill level 1 in Stealth
 11921 | Spider:4 | Got a gossamer rune of Zot
 12030 | Spider:2 | Noticed Frances
 12077 | Spider:2 | Killed Frances
 12551 | D:2      | Fell from the grace of Trog
 12551 | D:2      | Became a worshipper of Makhleb the Destroyer
 12831 | D:8      | Bought an ancient scale mail for 198 gold pieces
 12831 | D:8      | Bought a scroll of fog for 44 gold pieces
 12841 | D:8      | Identified the +5 scale mail "Emeapy" {Int+4} (You bought
                  | it in a shop on level 8 of the Dungeon)
 12915 | D:6      | Bought a faintly humming chain mail for 247 gold pieces
 12925 | D:6      | Identified the +7 chain mail of Iriykhacwo {rElec rC-
                  | Int+3} (You bought it in a shop on level 6 of the Dungeon)
 13070 | D:11     | Reached skill level 1 in Invocations
 13092 | D:11     | Reached * piety under Makhleb
 13107 | D:12     | Learned a level 2 spell: Blink
 13113 | D:12     | Learned a level 5 spell: Irradiate
 13120 | D:12     | Learned a level 6 spell: Statue Form
 13276 | D:13     | Reached skill level 1 in Translocations
 13474 | D:14     | Found a gate to the Vaults.
 13484 | Vaults:1 | Entered Level 1 of the Vaults
 13603 | Vaults:1 | Reached ** piety under Makhleb
 13619 | Vaults:1 | Reached skill level 1 in Spellcasting
 13692 | Vaults:1 | Reached XP level 17. HP: 140/158 MP: 21/21
 14029 | Vaults:2 | Reached skill level 5 in Translocations
 14147 | Vaults:2 | Noticed Asterion
 14174 | Vaults:2 | Killed Asterion
 14190 | Vaults:1 | Found Vige's Magic Scroll Shoppe.
 14213 | Vaults:1 | Bought a scroll of holy word for 127 gold pieces
 14213 | Vaults:1 | Bought a scroll of blinking for 127 gold pieces
 14213 | Vaults:1 | Bought a scroll of teleportation for 51 gold pieces
 14385 | Vaults:2 | Reached *** piety under Makhleb
 14562 | Vaults:2 | Reached skill level 5 in Spellcasting
 14574 | Vaults:2 | Got a warped cloak
 14575 | Vaults:2 | Identified the -2 cloak "Goituwku" {MR+ Dex-5 Slay+2} (You
                  | found it on level 2 of the Vaults)
 14692 | Vaults:3 | Reached **** piety under Makhleb
 14806 | Vaults:3 | Paralysed by a great orb of eyes for 2 turns
 14935 | Vaults:2 | Found a portal to a secret trove of treasure.
 15155 | Vaults:2 | Reached ***** piety under Makhleb
 15179 | Vaults:2 | Found a staircase to the Crypt.
 15301 | Crypt:1  | Entered Level 1 of the Crypt
 15316 | Vaults:2 | Reached skill level 1 in Transmutations
 15316 | Vaults:2 | Reached XP level 18. HP: 143/166 MP: 30/30
 15476 | Crypt:1  | Found an ancient bone altar of Kikubaaqudgha.
 15497 | Crypt:1  | Reached skill level 1 in Earth Magic
 15757 | Crypt:2  | Reached skill level 1 in Throwing
 15803 | Crypt:2  | Reached skill level 5 in Transmutations
 15872 | Crypt:2  | Noticed Xtahua
 15883 | Crypt:2  | Killed Xtahua
 15887 | Crypt:2  | Noticed Jory
 16031 | Crypt:3  | Entered Level 3 of the Crypt
 16089 | Crypt:3  | Reached skill level 5 in Earth Magic
 16125 | Crypt:3  | Reached ****** piety under Makhleb
 16151 | Crypt:3  | Found a basalt altar of Yredelemnul.
 16200 | Crypt:3  | Reached skill level 5 in Invocations
 16303 | Crypt:3  | Noticed a profane servitor
 16317 | Crypt:3  | Killed a profane servitor
 16366 | Crypt:3  | Got a twitching bone amulet
 16367 | Crypt:3  | Identified the amulet of Lelleir {Inacc rC+ MR+ Int-2
                  | Dex+8} (You found it on level 3 of the Crypt)
 16370 | Crypt:3  | Got a dazzling helmet
 16381 | Crypt:3  | Identified the +0 helmet "Nezanum" {rC+ MR+ Str+2} (You
                  | found it on level 3 of the Crypt)
 16488 | Crypt:3  | Noticed Mennas
 16565 | Crypt:2  | HP: 8/166 [Mennas/sacred scourge of holy wrath (27)]
 16565 | Crypt:2  | Slain by Mennas

Skill      XL: |  1  2  3  4  5  6  7  8  9 10 11 12 13 14 15 16 17 18 |
---------------+-------------------------------------------------------+-----
Axes           | 3 4 5 6 7 9 11 13 14 16 18 19 20 | 20.2
Fighting       | 6 7 9 15 16 | 16.2
Dodging        | 4 6 7 8 |  8.7
Armour         | 2 3 4 |  4.9
Evocations     | 6 |  6.0
Stealth        | 1 |  1.1
Invocations    | 2 4 5 |  5.9
Translocations | 4 7 |  7.0
Spellcasting   | 2 8 |  8.4
Transmutations | 1 7 |  7.0
Earth Magic    | 5 |  5.7
Throwing       | 1 |  1.2

Action                   |  1- 3 |  4- 6 |  7- 9 | 10-12 | 13-15 | 16-18 || total
-------------------------+-------+-------+-------+-------+-------+-------++-------
Melee: Hand axe          |    67 |     7 |   232 |   308 |       |       ||   614
       Kick              |     9 |    24 |    67 |   202 |   245 |   409 ||   956
       Spear             |       |   118 |    42 |       |       |       ||   160
       Broad axe         |       |       |       |   172 |       |       ||   172
       Battleaxe         |       |       |       |    61 |   778 |  1154 ||  1993
Throw: Tomahawk          |       |       |       |       |       |     2 ||     2
 Cast: Blink             |       |       |       |       |       |     5 ||     5
Invok: Berserk           |     3 |     2 |     7 |    12 |    15 |     5 ||    44
       Trog's Hand       |       |       |     1 |     5 |    20 |     7 ||    33
       Brothers in Arms  |       |       |       |     3 |    11 |       ||    14
       Lesser Servant of |       |       |       |       |       |     2 ||     2
       Greater Servant o |       |       |       |       |       |     2 ||     2
Evoke: Wand              |       |       |       |       |       |     4 ||     4
  Use: Scroll            |       |     4 |    18 |     6 |    15 |     7 ||    50
       Potion            |       |       |     2 |       |     4 |     6 ||    12
 Stab: Distracted        |       |       |       |       |     1 |     1 ||     2
       Invisible         |       |       |       |       |     1 |       ||     1
  Eat: Chunk             |     2 |     5 |     8 |    26 |    24 |     8 ||    73
       Ration            |       |       |     1 |       |     4 |     5 ||    10
Armor: Animal skin       |    13 |       |       |       |       |       ||    13
       Ring mail         |    12 |    26 |    64 |   137 |   235 |       ||   474
       Swamp dragon scal |       |       |       |       |   308 |   524 ||   832
Dodge: Dodged            |    33 |    19 |    80 |   194 |   382 |   472 ||  1180
Block: Other             |       |       |       |    39 |    36 |       ||    75
       Reflection        |       |       |       |       |     1 |       ||     1
